AoeStats
← 『a』『n』『d』『y』

Arabian Desert

509575266Analyzed
1v1 RM · 6d ago on Sep 27, 2026· 40m 21s· 2 players
Game mode
Random Map
Map size
Tiny (2 player)
Population
200
Speed
Normal
Resources
Standard
Victory
Conquest
Starting age
Dark Age
Ending age
Imperial Age
RankedLock teamsTeams togetherTeam positionsShared explorationLock speedFull tech treeHidden civsTurbo modeCheats
Victory
Defeat
🇬🇧 Khmer · United Kingdom
910
+14
🇫🇷 Varangians · France
874
-14
『a』『n』『d』『y』
7:08 Loom
9:29 Feudal Age
10:43 Double-Bit Axe
14:45 Scale Barding Armor
20:00 Castle Age
18:45 Horse Collar
19:25 Forging
19:51 Bloodlines
21:11 Chain Barding Armor
20:56 Husbandry
20:55 Gold Mining
22:14 Bow Saw
25:12 Iron Casting
26:20 Wheelbarrow
26:39 Town Watch
29:05 Hand Cart
29:06 Heavy Plow
30:02 Stone Mining
30:14 Town Patrol
32:25 Gold Shaft Mining
36:18 Tusk Swords
41:50 Imperial Age
40:11 Masonry
Synfoni
7:24 Loom
10:00 Feudal Age
12:36 Bloodlines
15:41 Double-Bit Axe
17:49 Scale Barding Armor
17:55 Forging
22:20 Castle Age
21:05 Horse Collar
22:56 Scale Mail Armor
22:25 Pikeman
24:03 Husbandry
35:10 Squires
34:56 Arson
38:01 Chain Barding Armor
38:17 Iron Casting
38:42 Chain Mail Armor
40:09 Wheelbarrow
40:00 Bow Saw
39:42 Gold Mining
40:29 Gambesons
Connection lost

Rejoining the realm…

Still unreachable

The connection could not be restored.

Session expired

The server has moved on; the page needs a fresh start.